 Dungeon Crawl Stone Soup version 0.19.5 (console) character file.

263 Grinner the Ducker (level 6, -1/63 HPs)
             Began as an Octopode Fighter on Mar 9, 2017.
             Slain by an orc priest
             ... wielding a +0 club
              (3 damage)
             ... on level 4 of the Dungeon.
             The game lasted 00:06:28 (3350 turns).

Grinner the Ducker (Octopode Fighter)               Turns: 3350, Time: 00:06:30

Health: -1/63      AC:  1    Str: 21      XL:     6   Next: 19%
Magic:  6/6        EV: 14    Int: 10      God:
Gold:   234        SH:  4    Dex: 11 (13) Spells: 0 memorised, 5 levels left

rFire  + . .     SeeInvis .     a - +0 trident
rCold  . . .     Gourm    .     c - +0 buckler
rNeg   . . .     Faith    .     (helmet restricted)
rPois  .         Spirit   .     (no amulet)
rElec  .         Reflect  .     m - ring of flight
rCorr  .         Harm     .     u - ring of protection from fire
MR     .....                    (no ring)
Stlth  ..........               (no ring)
                                (no ring)
                                (no ring)
                                (no ring)
                                (no ring)

@: berserking, very quick
A: almost no armour, stealthy swim, amphibious, 8 rings, constrict 8, camouflage
1, gelatinous body 1
a: Evoke Flight


You were on level 4 of the Dungeon.
You were not hungry.

You visited 1 branch of the dungeon, and saw 4 of its levels.

You collected 234 gold pieces.

Inventory:

Hand Weapons
 a - a +0 trident (weapon)
 h - a +0 dagger of flaming
Armour
 b - a +0 shield
 c - a +0 buckler (worn)
Jewellery
 m - a ring of flight (left tentacle)
 u - a ring of protection from fire (right tentacle)
Scrolls
 e - 2 scrolls of teleportation {unknown}
 i - a scroll of enchant armour {unknown}
 j - a scroll of remove curse
 k - a scroll of random uselessness
 l - 2 scrolls of noise {unknown}
 n - 3 scrolls of enchant weapon {unknown}
 o - a scroll of amnesia {unknown}
 p - a scroll of recharging {unknown}
 q - a scroll of identify
 r - a scroll of immolation {unknown}
Potions
 f - a potion of magic
 g - a potion of curing
 t - a potion of berserk rage
Comestibles
 d - a bread ration
 s - a royal jelly


   Skills:
 - Level 3.0 Fighting
 * Level 4.0 Polearms
 + Level 4.2 Dodging
 + Level 3.2 Stealth
 + Level 4.0 Shields


You had 5 spell levels left.
You didn't know any spells.

Dungeon Overview and Level Annotations

Branches:
Dungeon (4/15)
 Temple: D:4-7

Altars:
Hepliaklqana
Nemelex Xobeh
Qazlal


Innate Abilities, Weirdness & Mutations

You cannot wear most types of armour.
You are very stealthy in the water. (Stealth+)
You are amphibious.
You can wear up to eight rings at the same time.
You can use your tentacles to constrict eight enemies at once.
Your skin changes colour to match your surroundings (Stealth+).
Your rubbery body absorbs attacks. (AC +1, EV +1)


Message History

You hit the orc priest but do no damage.
Your grab misses the orc priest. Your squeeze misses the orc priest.
The orc priest is heavily wounded.
The orc wizard gestures at you while chanting.
The puff of flame misses you. The orc priest hits you with a club.
You barely miss the orc priest. You grab the orc priest.
Your squeeze misses the orc priest.
The orc priest is heavily wounded.
You constrict the orc priest. The orc wizard hits you with a dagger.
The orc priest mumbles some strange prayers to Beogh against you.
Beogh smites you!
* * * LOW HITPOINT WARNING * * *
It was a potion of berserk rage.
A red film seems to cover your vision as you go berserk!
You feel yourself moving faster!
You feel mighty!
You constrict the orc priest. The orc wizard casts a spell at you.
The magic dart hits you!
* * * LOW HITPOINT WARNING * * *
The orc priest hits you with a club.
You die...

........#......#.#
#####...)#.......#
....####.#.>.#<.####
...>.....#..##.....#
##########.#.....#.#
#.....## #.#.##### #
...#...# ###.....#
#..#...# #####.#
#......# #@#
..###..#### #ooo..#
##........# #######
#.######.# ##.#
####.# ...# #....#
#### #.#### # #.# #
#.#


You could see 2 orc priests and an orc wizard.

Vanquished Creatures
  Terence (D:3)
  2 orc wizards
  Robin (D:3)
  4 gnolls (D:2)
  3 adders
  An ooze (D:2)
  A worm (D:3)
  A dart slug (D:1)
  A leopard gecko (D:3)
  6 orcs
  2 ball pythons
  5 bats
  5 giant cockroaches
  8 hobgoblins
  4 jackals (D:3)
  5 quokkas
  9 frilled lizards
  17 goblins
  11 kobolds
  8 rats
95 creatures vanquished.

Notes
Turn   | Place    | Note
-------+----------+-------------------------------------------
     0 | D:1      | Grinner the Octopode Fighter began the quest for the Orb.
     0 | D:1      | Reached XP level 1. HP: 16/16 MP: 1/1
    77 | D:1      | Reached XP level 2. HP: 21/21 MP: 2/2
   127 | D:1      | Reached skill level 1 in Stealth
   414 | D:1      | Reached XP level 3. HP: 25/26 MP: 3/3
  1001 | D:2      | Reached XP level 4. HP: 31/31 MP: 4/4
  1114 | D:2      | Found a sparkling altar of Nemelex Xobeh.
  1531 | D:2      | Found a hazy altar of Hepliaklqana.
  1681 | D:3      | HP: 1/31 [orc/tomahawk (5)]
  1693 | D:3      | Reached XP level 5. HP: 3/36 MP: 5/5
  2147 | D:3      | Found a stormy altar of Qazlal.
  2648 | D:3      | Noticed Robin
  2707 | D:3      | Killed Robin
  2808 | D:3      | Noticed Terence
  2815 | D:3      | Killed Terence
  2815 | D:3      | Reached XP level 6. HP: 26/42 MP: 6/6
  3350 | D:4      | HP: 2/63 [orc wizard/magic dart (7)]
  3350 | D:4      | Slain by an orc priest

Skill      XL: |  1  2  3  4  5  6 |
---------------+-------------------+-----
Stealth        | 1 2 3 |  3.2
Polearms       | 3 4 |  4.0
Dodging        | 4 |  4.2
Shields        | 4 |  4.0
Fighting       | |  3.0

Action                   |  1- 3 |  4- 6 || total
-------------------------+-------+-------++-------
Melee: Trident           |    71 |   166 ||   237
       Constrict         |    15 |    26 ||    41
       Tentacles         |     7 |    17 ||    24
  Use: Potion            |       |     8 ||     8
       Scroll            |       |     4 ||     4
 Stab: Sleeping          |    12 |    10 ||    22
       Distracted        |     1 |       ||     1
  Eat: Chunk             |       |     3 ||     3
       Meat ration       |       |     1 ||     1
Armor: Skin              |     2 |    23 ||    25
Dodge: Dodged            |    15 |    59 ||    74
Block: Shield            |    26 |    46 ||    72
       Buckler           |       |     4 ||     4
